 Dungeon Crawl Stone Soup version 0.17-a0-528-gc205fd0 (webtiles) character file.

51 BluebellGnoll the Sneak (level 3, -1/28 HPs)
             Began as a Spriggan Berserker on Apr 12, 2015.
             Was a Believer of Trog.
             Slain by Duskembrace's ghost (15 damage)
             ... on level 3 of the Dungeon.
             The game lasted 00:04:48 (1694 turns).

BluebellGnoll the Sneak (Spriggan Berserker)        Turns: 1694, Time: 00:04:49

Health: -1/28      AC:  4    Str: 19    XL:     3   Next: 58%
Magic:  4/4        EV: 19    Int:  8    God:    Trog [**....]
Gold:   127        SH:  0    Dex: 15    Spells: 0 memorised, 2 levels left

rFire  . . .     SeeInvis +     a - +0 short sword
rCold  . . .     Clarity  .     b - +0 animal skin
rNeg   . . .     SustAb   .     (shield restricted)
rPois  .         Gourm    .     p - +2 hat
rElec  .         Spirit   .     (no cloak)
rCorr  .         Warding  .     (gloves unavailable)
rMut   +         Stasis   .     (boots unavailable)
MR     ++...                    g - amulet of resist mutation
Stlth  ..........               (no ring)
                                m - ring of flight

@: berserking, regenerating, very quick, very resistant to hostile enchantments,
extremely unstealthy
A: unfitting armour, see invisible, herbivore 3, speed 3, slow metabolism 2
a: Burn Spellbooks, Berserk, Trog's Hand, Renounce Religion, Evoke Flight


You were on level 3 of the Dungeon.
You worshipped Trog.
Trog was pleased with you.
You were not hungry.

You visited 1 branch of the dungeon, and saw 3 of its levels.

You collected 127 gold pieces.

Inventory:

Hand weapons
 a - a +0 short sword (weapon)
Missiles
 h - 35 stones (quivered)
Armour
 b - a +0 animal skin (worn)
 p - a +2 hat (worn)
Jewellery
 g - an amulet of resist mutation (around neck)
 m - a ring of flight (left hand)
 s - an uncursed ring of fire
Scrolls
 f - a scroll of enchant weapon {unknown}
 i - a scroll of enchant armour {unknown}
 k - 2 scrolls of identify {unknown}
 l - a scroll of magic mapping {unknown}
 n - a scroll of remove curse {unknown}
 o - a scroll of noise {unknown}
 r - a scroll of random uselessness {unknown}
Potions
 d - a potion of flight {unknown}
 e - a potion of agility {unknown}
 j - a potion of heal wounds {unknown}
 q - a potion of curing {unknown}
Comestibles
 c - 3 bread rations


   Skills:
 - Level 2.4 Fighting
 * Level 3.3 Short Blades
 - Level 4.4 Dodging
 + Level 5.2 Stealth


You had 2 spell levels left.
You didn't know any spells.

Dungeon Overview and Level Annotations

Branches:
Dungeon (3/15)

Altars:
Sif Muna
Trog

Annotations:
D:3 Duskembrace's ghost, experienced FoFi


Innate Abilities, Weirdness & Mutations

You are tiny and cannot use many weapons and most armour.
You have supernaturally acute eyesight.
You are a herbivore.
You cover ground extremely quickly.
You need consume almost no food.


Message History

A red film seems to cover your vision as you go berserk!
You feel yourself moving faster!
You feel mighty!
You feel somewhat more hungry.
You feel a strong urge to attack something.
You closely miss Duskembrace's ghost. Duskembrace's ghost barely misses you.
You hit Duskembrace's ghost.
Duskembrace's ghost is lightly damaged.
You barely miss Duskembrace's ghost.
Duskembrace's ghost is lightly damaged.
Duskembrace's ghost hits you!
You barely miss Duskembrace's ghost.
Duskembrace's ghost is lightly damaged.
Duskembrace's ghost hits you!
You puncture Duskembrace's ghost!
Duskembrace's ghost is moderately damaged.
You closely miss Duskembrace's ghost.
Duskembrace's ghost is moderately damaged.
Duskembrace's ghost hits you!
Ouch! That really hurt!
You die...

### #.# #.### #.#<#
################.#.#
#....W@..........#.#
#.##############.#.#
#.#.# #.#.#
########.#.####
...<..)........
###......######
).........#
##.......#


You could see Duskembrace's ghost.

Vanquished Creatures
  2 adders (D:2)
  2 giant geckos
  An orc (D:3)
  3 giant cockroaches
  5 hobgoblins
  A quokka (D:3)
  4 bats
  2 giant newts
  3 goblins
  5 kobolds
  A rat (D:2)
29 creatures vanquished.

Notes
Turn   | Place    | Note
--------------------------------------------------------------
     0 | D:1      | BluebellGnoll, the Spriggan Berserker, began the quest for the Orb.
     0 | D:1      | Reached XP level 1. HP: 11/11 MP: 2/2
    74 | D:1      | Reached skill level 1 in Stealth
   447 | D:1      | Reached XP level 2. HP: 13/16 MP: 3/3
   842 | D:2      | Acquired Trog's second power
   882 | D:2      | Reached XP level 3. HP: 19/19 MP: 4/4
  1103 | D:2      | Found a bloodstained altar of Trog.
  1275 | D:2      | Found a deep blue altar of Sif Muna.
  1305 | D:2      | Reached skill level 5 in Stealth
  1668 | D:3      | Noticed Duskembrace's ghost (experienced FoFi)
  1694 | D:3      | Slain by Duskembrace's ghost

Action                   || total
-------------------------++-------
Melee: Short sword       ||    90
Invok: Berserk           ||     1
       Trog's Hand       ||     1
 Stab: Sleeping          ||     8
       Distracted        ||     1
